 Dungeon Crawl Stone Soup version 0.30-a0-1157-g2cc9ac7196 (webtiles) character file.

Game seed: 557932776145071504

682 iamoutofideas the Cleaver (level 7, -6/60 HPs)
             Began as a Hill Orc Monk on Apr 25, 2023.
             Mangled by a killer bee (8 damage)
             ... on level 4 of the Dungeon.
             The game lasted 00:03:52 (3424 turns).

iamoutofideas the Cleaver (Hill Orc Monk)           Turns: 3424, Time: 00:03:53

Health: -6/60      AC:  7    Str: 16    XL:     7   Next: 61%
Magic:  7/7        EV: 11    Int: 10    God:
Gold:   187        SH:  5    Dex: 13    Spells: 6/6 levels left

rFire   . . .        a - +1 hand axe
rCold   . . .        d - orb {light}
rNeg    . . .        f - +0 ring mail
rPois   .            k - +1 helmet
rElec   .            (no cloak)
rCorr   .            (no gloves)
SInv    .            (no boots)
Will    .....        j - amulet of reflection
Stlth   +            (no ring)
HPRegen 0.30/turn    (no ring)
MPRegen 0.10/turn

%: reflection
@: glowing
A: no striking features
a: no special abilities


You were on level 4 of the Dungeon.
You visited 1 branch of the dungeon, and saw 4 of its levels.

You collected 215 gold pieces.
You spent 28 gold pieces at shops.

Inventory:

Hand Weapons
 a - a +1 hand axe (weapon)
Armour
 d - an orb of light (worn)
 f - a +0 ring mail (worn)
 k - a +1 helmet (worn)
 v - a +0 scale mail
Jewellery
 j - an amulet of reflection (around neck)
Wands
 n - a wand of mindburst (30)
 t - a wand of iceblast (13)
 u - a wand of flame (9)
Scrolls
 e - 4 scrolls of identify
 i - a scroll of fear {unknown}
 p - 2 scrolls of enchant weapon
 q - a scroll of amnesia {unknown}
 s - a scroll of torment {unknown}
 w - a scroll of magic mapping {unknown}
 y - a scroll of fog {unknown}
Potions
 b - a potion of might {unknown}
 c - a potion of ambrosia
 g - 3 potions of cancellation {unknown}
 l - 3 potions of resistance {unknown}
 o - a potion of invisibility {unknown}
 r - a potion of mutation {unknown}
 x - 2 potions of lignification {unknown}
 z - 2 potions of attraction {unknown}


   Skills:
 + Level 4.7 Fighting
 + Level 9.4 Axes
 + Level 2.7 Armour
 + Level 3.1 Dodging
 + Level 1.6 Shields


You had 6 spell levels left.
You didn't know any spells.
Your spell library contained the following spells:

 Spells                   Type           Power      Damage    Failure   Level
 Blink                    Tloc           0%         N/A       71%         2
 Lesser Beckoning         Tloc           0%         N/A       71%         2
 Momentum Strike          Conj/Tloc      0%         3d8       71%         2
 Dazzling Flash           Conj/Hex       0%         N/A       91%         3
 Frozen Ramparts          Ice            0%         1d1       91%         3
 Tukima's Dance           Hex            0%         N/A       91%         3
 Ice Form                 Ice/Tmut       0%         N/A       100%        4
 Passage of Golubria      Tloc           0%         N/A       100%        4
 Summon Ice Beast         Ice/Summ       0%         N/A       100%        4
 Agony                    Necr           0%         N/A       100%        5
 Silence                  Hex/Air        0%         N/A       100%        5
 Yara's Violent Unravell  Hex/Tmut       0%         3d3       100%        5


Dungeon Overview and Level Annotations

Branches:
Dungeon (4/15)
 Temple: D:4-7

Altars:
Ashenzari
Kikubaaqudgha
Makhleb

Shops:
D:3 ?(

Annotations:
D:4 Pikel


Message History

There is a stone staircase leading down here.
The lemure attacks as you move away! You block the lemure's attack.
The lemure attacks as you move away! The lemure hits you!
* * * LOW HITPOINT WARNING * * *
The lemure attacks as you move away! You block the lemure's attack.
The killer bee buzzes angrily.
You hear an angry buzzing noise.
As you read the scroll labelled QIN BIGUMA, it crumbles to dust.
It is a scroll of enchant weapon.
Your +0 hand axe glows red for a moment.
The lemure hits you but does no damage.
As you read the scroll labelled ZOKIUF YSEDA, it crumbles to dust.
It is a scroll of enchant armour.
Your +0 helmet glows green for a moment.
The killer bee buzzes angrily.
You block the lemure's attack.
Pikel hits you with a +2 whip of flaming!
* * * LOW HITPOINT WARNING * * *
Pikel burns you.
* * * LOW HITPOINT WARNING * * *
The killer bee barely misses you.
You feel better. The killer bee closely misses you.
A hobgoblin comes into view.
The lemure hits you.
* * * LOW HITPOINT WARNING * * *
Pikel hits you with a +2 whip of flaming.
* * * LOW HITPOINT WARNING * * *
Pikel burns you.
* * * LOW HITPOINT WARNING * * *
The killer bee closely misses you.
The killer bee attacks as you move away!
The killer bee misses you. The killer bee barely misses you.
The lemure attacks as you move away! The lemure hits you.
* * * LOW HITPOINT WARNING * * *
The killer bee closely misses you. The killer bee stings you.
* * * LOW HITPOINT WARNING * * *
The killer bee attacks as you move away!
The killer bee closely misses you.
The killer bee attacks as you move away!
The killer bee closely misses you. The killer bee stings you!
You die...

.......................#
.........##............#
####......#............#
#...g..y...........##
#.......##.y.#....##
#......###.y##.####
#.....## ##5y#.# #......
##y#.# ... #.@.# ##..#
####


You could see a lemure and 4 killer bees.

Vanquished Creatures
  A centaur (D:4)
  2 lemures (D:4)
  3 scorpions
  2 hounds (D:4)
  A jelly (D:4)
  An orc priest (D:3)
  3 iron imps (D:3)
  Ijyb (D:3)
  Terence (D:3)
  Natasha (D:4)
  An orc wizard (D:3)
  Robin (D:2)
  An adder (D:2)
  3 worms
  2 dart slugs
  7 orcs
  3 endoplasms
  5 giant cockroaches
  13 goblins
  8 hobgoblins
  4 jackals
  2 quokkas
  13 ball pythons
  10 bats
  3 frilled lizards (D:1)
  4 kobolds
  4 rats
100 creatures vanquished.

Notes
Turn   | Place    | Note
-------+----------+-------------------------------------------
     0 | D:1      | iamoutofideas the Hill Orc Monk began the quest for the
                  | Orb.
     0 | D:1      | Reached XP level 1. HP: 19/19 MP: 1/1
   150 | D:1      | Reached XP level 2. HP: 27/27 MP: 2/2
   751 | D:2      | Reached XP level 3. HP: 21/33 MP: 3/3
   967 | D:2      | Reached skill level 5 in Axes
  1173 | D:2      | Noticed Robin
  1184 | D:2      | Killed Robin
  1185 | D:2      | Reached XP level 4. HP: 36/40 MP: 4/4
  1334 | D:2      | Found an ancient bone altar of Kikubaaqudgha.
  1630 | D:3      | Reached skill level 6 in Axes
  1642 | D:3      | Reached XP level 5. HP: 28/46 MP: 5/5
  1788 | D:3      | Noticed Ijyb
  1837 | D:3      | Killed Ijyb
  1838 | D:3      | Reached skill level 7 in Axes
  1908 | D:3      | Found Mehimaot's Magic Scroll Shop.
  1920 | D:3      | Bought a scroll of identify for 28 gold pieces
  1935 | D:3      | Noticed Terence
  1960 | D:3      | Reached XP level 6. HP: 23/52 MP: 6/6
  1962 | D:3      | Killed Terence
  1963 | D:3      | Reached skill level 8 in Axes
  2203 | D:3      | Reached skill level 1 in Armour
  2357 | D:3      | Found a faded altar of an unknown god.
  2411 | D:3      | Found Elecvab's Weapon Boutique.
  2623 | D:3      | Found a burning altar of Makhleb.
  2660 | D:3      | Reached skill level 1 in Shields
  2857 | D:4      | Reached XP level 7. HP: 57/60 MP: 7/7
  2877 | D:4      | Found a broken altar of Ashenzari.
  2900 | D:4      | Reached skill level 9 in Axes
  3217 | D:4      | Noticed Natasha
  3234 | D:4      | Killed Natasha
  3370 | D:4      | Noticed Pikel
  3423 | D:4      | HP: 2/60 [killer bee (6)]
  3424 | D:4      | Mangled by a killer bee

Illustrated notes

Levels and vault maps discovered:
D:1:      dpeg_arrival_erosion, layout_loops_cross, minmay_close_crescents
D:2:      layout_loops_corners, basic_altar, uniq_robin
D:3:      layout_rooms, demons_altar, serial_shops, shop, shop,
          shapermc_ecumenical_altar_hornbeckon, kennysheep_small_spiral,
          minmay_fractal_squares_diagonal_5, uniq_terence, uniq_ijyb
D:4:      lemuel_castle_with_subvaults [lemuel_castle_interior_original],
          layout_rooms, nicolae_ashenzari_skybound, ebering_ghost_disaster_area,
          uniq_pikel, uniq_natasha

Skill      XL: |  1  2  3  4  5  6  7 |
---------------+----------------------+-----
Fighting       | 4 |  4.7
Axes           | 5 6 7 8 9 |  9.4
Armour         | 1 2 |  2.7
Shields        | 1 |  1.6
Dodging        | 3 |  3.1

Action                     |  1- 3 |  4- 6 |  7- 9 || total
---------------------------+-------+-------+-------++-------
  Melee: Hand axe          |   116 |   175 |    87 ||   378
    Use: Potion            |       |     2 |     2 ||     4
         Scroll            |       |       |     2 ||     2
 Armour: Ring mail         |    34 |    43 |    38 ||   115
         Robe              |     3 |       |       ||     3
  Dodge: Dodged            |    82 |    72 |    53 ||   207
  Block: Orb               |       |    46 |    31 ||    77
         Reflection        |       |       |     1 ||     1

Table legend: (Time is in decaauts)
 A = Elapsed time spent in this place.
 B = Non-inter-level travel time spent in this place.
 C = Inter-level travel time spent in this place.
 D = Time resting spent in this place.
 E = Time spent auto-exploring this place.
 F = Levels seen in this place.
 G = Mean time per level.
                   A        B        C        D        E       F      G
               +--------+--------+--------+--------+--------+-----+--------+
         Total |   3424 |   3372 |     52 |    347 |   2265 |   4 |  856.0 |
       Dungeon |   3424 |   3372 |     52 |    347 |   2265 |   4 |  856.0 |
               +--------+--------+--------+--------+--------+-----+--------+

Top non-repeatable levels by time:
     D:3: 1242 daAuts
     D:2: 888 daAuts
     D:1: 723 daAuts
     D:4: 570 daAuts
